 Dungeon Crawl Stone Soup version 0.20.1-1-g8b1a95d (webtiles) character file.

899 kae the Insei (level 7, -1/58 HPs)
             Began as a Demonspawn Gladiator on Sept 14, 2017.
             Was an Initiate of Okawaru.
             Slain by a wraith (5 damage)
             ... in an ossuary.
             The game lasted 00:09:11 (6022 turns).

kae the Insei (Demonspawn Gladiator)                Turns: 6022, Time: 00:09:12

Health: -1/58      AC:  8    Str: 14    XL:     7   Next: 79%
Magic:  8/8        EV: 16    Int: 10    God:    Okawaru [......]
Gold:   179        SH:  0    Dex: 16    Spells: 6/6 levels left

rFire    . . .     SeeInvis .     - Unarmed
rCold    . . .     Gourm    .   (no shield)
rNeg     . . .     Faith    .   a - +1 leather armour
rPois    .         Spirit   .   p - +1 helmet
rElec    .         Reflect  .   (no cloak)
rCorr    .         Harm     .   (no gloves)
MR       .....                  (no boots)
Stlth    +.........             (no amulet)
Regen    0.2/turn               e - +3 ring of evasion
MPRegen  0.2/turn               n - ring of flight

@: no status effects
A: talons 2, rugged brown scales 2
a: Renounce Religion, Evoke Flight


You were in an ossuary.
You worshipped Okawaru.
Okawaru was noncommittal.
You were near starving.

You visited 2 branches of the dungeon, and saw 5 of its levels.
You also visited: Ossuary.

You collected 179 gold pieces.

Inventory:

Missiles
 c - 3 throwing nets (quivered)
Armour
 a - a +1 leather armour (worn)
 b - a +0 helmet
 p - a +1 helmet (worn)
Jewellery
 e - a +3 ring of evasion (left hand)
 n - a ring of flight (right hand)
 u - an uncursed ring of resist corrosion {unknown}
Wands
 o - a wand of acid (7/15)
Scrolls
 k - a scroll of recharging
 l - 5 scrolls of remove curse
 q - 3 scrolls of identify
 s - a scroll of fog {unknown}
Potions
 f - a potion of agility
 j - a potion of might {unknown}
 m - 2 potions of brilliance {unknown}
 r - 2 potions of haste
 t - a potion of mutation {unknown}
 v - a potion of berserk rage {unknown}
 w - a potion of lignification {unknown}
Comestibles
 d - 2 bread rations
 g - a royal jelly
 i - 12 fruits


   Skills:
 + Level 5.5 Fighting
 - Level 1.7 Throwing
 - Level 2.6 Dodging
 * Level 7.0 Unarmed Combat
 * Level 1.3 Invocations


You had 6 spell levels left.
You didn't know any spells.

Dungeon Overview and Level Annotations

Branches:
Dungeon (4/15)             Temple (1/1) D:4

Altars:
Ashenzari
Cheibriados
Dithmenos
Elyvilon
Fedhas
Gozag
Kikubaaqudgha
Makhleb
Nemelex Xobeh
Okawaru
Qazlal
Ru
Sif Muna
Trog
Uskayaw
Vehumet
Xom
Yredelemnul
Zin
The Shining One


Innate Abilities, Weirdness & Mutations

You have razor-sharp toenails.
You are mostly covered in rugged brown scales. (AC +2, +5% HP)


Message History

You feel agile all of a sudden. The wraith barely misses you.
The wraith closely misses you.
You barely miss the wraith. You punch the wraith, but do no damage.
The wraith is moderately damaged.
The wraith misses you.
You hit the wraith. Your kick misses the wraith.
The wraith is heavily damaged.
The wraith completely misses you.
You barely miss the wraith. You claw the wraith.
The wraith is heavily damaged.
The wraith hits you!
* * * LOW HITPOINT WARNING * * *
The wraith drains your vigour!
You feel as though you will be slow longer.
It was a potion of cancellation.
Your magical effects are unravelling.
You feel magically purged.
You feel yourself speed up.
You feel a little less agile now. The wraith hits you.
You die...

#.......^..^.#.#...^...
#......................
#..####^####....^####.#
#..# +.^#.'...8...'.#..
#..####.####.....####.#
#......................
#............#.#.......
#..####......#'#......#
#..#?W@..8...#.#...8...
#..####......###..^...#
#......................
#......................
#..#.#..#.#..#.#..#.#..
#..#+#..#'#..#'#..#'#..
#..# #..#.#..#.#..#.#..
#..###..###..###^.###..
#....^.................


You could see a wraith.

Vanquished Creatures
  A gnoll sergeant (D:3)
  A centaur skeleton (D:4)
  An orc priest (D:3)
  A bullfrog skeleton (D:3)
  4 gnoll shamans (D:3)
  A worker ant (D:4)
  3 mummies
  39 gnolls
  6 adders
  An adder skeleton (D:4)
  2 worms
  A dart slug (D:3)
  5 leopard geckos
  7 orcs (D:3)
  9 bats
  2 bat zombies (D:1)
  4 giant cockroaches
  8 goblins
  9 hobgoblins
  14 jackals (D:3)
  A quokka (D:3)
  3 ball pythons
  7 frilled lizards
  A gnoll zombie (Ossuary)
  3 goblin zombies (Ossuary)
  3 hobgoblin zombies (Ossuary)
  10 kobolds
  5 kobold zombies (Ossuary)
  8 rats
160 creatures vanquished.

Notes
Turn   | Place    | Note
-------+----------+-------------------------------------------
     0 | D:1      | kae the Demonspawn Gladiator began the quest for the Orb.
     0 | D:1      | Reached XP level 1. HP: 16/16 MP: 1/1
   105 | D:1      | Reached skill level 3 in Unarmed Combat
   262 | D:1      | Gained mutation: You are partially covered in rugged brown scales. (AC +1, +3% HP) [demonic ancestry]
   262 | D:1      | Reached XP level 2. HP: 9/22 MP: 2/2
   863 | D:2      | Gained mutation: You have sharp toenails. [demonic ancestry]
   863 | D:2      | Reached XP level 3. HP: 22/28 MP: 3/3
  1562 | D:2      | Gained mutation: You have razor-sharp toenails. [demonic ancestry]
  1562 | D:2      | Reached XP level 4. HP: 34/35 MP: 4/4
  1726 | D:2      | Reached skill level 4 in Unarmed Combat
  2508 | D:3      | Gained mutation: You are mostly covered in rugged brown scales. (AC +2, +5% HP) [demonic ancestry]
  2508 | D:3      | Reached XP level 5. HP: 32/43 MP: 5/5
  2727 | D:3      | Reached skill level 5 in Unarmed Combat
  3062 | D:3      | Reached XP level 6. HP: 47/50 MP: 6/6
  4056 | D:3      | Reached skill level 6 in Unarmed Combat
  4216 | D:3      | Reached XP level 7. HP: 47/57 MP: 7/7
  4548 | D:3      | Reached skill level 5 in Fighting
  5231 | D:4      | Found a staircase to the Ecumenical Temple.
  5243 | Temple   | Entered the Ecumenical Temple
  5330 | Temple   | Became a worshipper of Warmaster Okawaru
  5353 | D:4      | Reached skill level 7 in Unarmed Combat
  5414 | D:4      | Found a sand-covered staircase.
  5454 | Ossuary  | Entered an ossuary
  5454 | Ossuary  | Noticed a wraith
  5454 | Ossuary  | Noticed a wraith
  5454 | Ossuary  | Noticed a wraith
  5860 | Ossuary  | Reached skill level 1 in Invocations
  6010 | Ossuary  | Noticed a wraith
  6022 | Ossuary  | Slain by a wraith

Skill      XL: |  1  2  3  4  5  6  7 |
---------------+----------------------+-----
Unarmed Combat | 3 4 5 6 7 |  7.0
Fighting       | 3 4 5 |  5.5
Invocations    | 1 |  1.3
Throwing       | |  1.7
Dodging        | |  2.6

Action                   |  1- 3 |  4- 6 |  7- 9 || total
-------------------------+-------+-------+-------++-------
Melee: Unarmed           |   110 |   283 |   190 ||   583
       Kick              |     9 |    81 |    65 ||   155
       Punch             |       |     8 |     9 ||    17
  Use: Scroll            |       |     4 |     1 ||     5
       Potion            |       |     4 |     2 ||     6
 Stab: Sleeping          |     1 |       |       ||     1
  Eat: Chunk             |     2 |     9 |     4 ||    15
Armor: Leather armour    |    38 |    60 |    24 ||   122
Dodge: Dodged            |    81 |   226 |    91 ||   398
